 Dungeon Crawl Stone Soup version 0.22-a0-284-g99d1f74 (webtiles) character file.

1752 Amnesiac the Nimble (level 8, -1/39 HPs)
             Began as a Spriggan Fighter on Mar 21, 2018.
             Was a Follower of Okawaru.
             Killed from afar by an orc wizard (7 damage)
             ... with a magic dart
             ... on level 7 of the Dungeon.
             The game lasted 00:08:00 (6787 turns).

Amnesiac the Nimble (Spriggan Fighter)              Turns: 6787, Time: 00:08:01

Health: -1/39      AC:  3    Str: 14    XL:     8   Next: 78%
Magic:  9/9        EV: 25    Int:  9    God:    Okawaru [*.....]
Gold:   196        SH:  7    Dex: 16    Spells: 7/7 levels left

rFire    + . .     SeeInvis +   a - +1 falchion (drain)
rCold    x . .     Gourm    .   c - +0 buckler
rNeg     . . .     Faith    .   x - +1 robe {MR+}
rPois    .         Spirit   .   (helmet restricted)
rElec    .         Reflect  .   (no cloak)
rCorr    .         Harm     .   (gloves unavailable)
MR       ++...                  (boots unavailable)
Stlth    +.........             (no amulet)
HPRegen  0.13/turn              m - ring of fire
MPRegen  0.11/turn              (no ring)

@: very quick
A: very small, unfitting armour, see invisible, herbivore, speed 3, slow
metabolism 2
a: Heroism, Renounce Religion


You were on level 7 of the Dungeon.
You worshipped Okawaru.
Okawaru was aware of your devotion.
You were not hungry.

You visited 2 branches of the dungeon, and saw 8 of its levels.

You collected 308 gold pieces.
You spent 112 gold pieces at shops.

Inventory:

Hand Weapons
 a - a +1 falchion of draining (weapon)
 b - a +0 long sword
 w - the +1 falchion of Eternal Vigilance {venom, rC+ Int+4 Dex+4}
   (You found it on level 6 of the Dungeon)

   It poisons the flesh of those it strikes.
   It affects your intelligence (+4).
   It affects your dexterity (+4).
   It protects you from cold.
Armour
 c - a +0 buckler (worn)
 x - a +1 robe of magic resistance (worn)
Jewellery
 m - a ring of fire (left hand)
 z - a +3 ring of protection {unknown}
Wands
 e - a wand of digging (5)
Scrolls
 i - 2 scrolls of identify {!r}
 l - a scroll of teleportation {!r}
 n - 4 scrolls of remove curse {!r}
 p - 2 scrolls of immolation {!r}
 r - a scroll of amnesia {!r, unknown}
 v - 2 scrolls of enchant armour {!r, unknown}
 y - 2 scrolls of fog {!r}
Potions
 d - a potion of might {!q}
 g - 2 potions of berserk rage {!q}
 h - 3 potions of invisibility {!q}
 j - a potion of cancellation {!q}
 k - a potion of ambrosia {!q, unknown}
 o - 6 potions of curing {!q}
 q - a potion of haste {!q}
 s - a potion of heal wounds {!q}
 t - a potion of brilliance {!q, unknown}
 u - a potion of agility {!q, unknown}
Comestibles
 f - 8 rations


   Skills:
 - Level 2.4 Fighting
 * Level 7.1 Long Blades
 + Level 9.4 Dodging
 + Level 4.4 Shields


You had 7 spell levels left.
You didn't know any spells.

Dungeon Overview and Level Annotations

Branches:
Dungeon (7/15)             Temple (1/1) D:5

Altars:
Ashenzari
Cheibriados
Dithmenos
Elyvilon
Fedhas
Gozag
Hepliaklqana
Kikubaaqudgha
Makhleb
Nemelex Xobeh
Okawaru
Qazlal
Ru
Sif Muna
Trog
Uskayaw
Vehumet
Wu Jian
Xom
Yredelemnul
Zin
The Shining One

Shops:
D:4 *

Annotations:
D:4 2 transporters


Innate Abilities, Weirdness & Mutations

You are very small and have problems with some larger weapons.
You are too small for most types of armour.
You have supernaturally acute eyesight. (SInv)
You are a herbivore.
You cover ground extremely quickly.
You need to consume almost no food.


Message History

You slash the centaur skeleton!
The centaur skeleton is almost destroyed.
You block the centaur skeleton's attack.
You hit the centaur skeleton.
You destroy the centaur skeleton!
Okawaru accepts your kill. The orc wizard closely misses you.
Your shield prevents you from hitting the orc wizard.
You block the orc's attack.
You hit the orc wizard.
The orc wizard is moderately wounded.
You completely miss the orc wizard.
The orc wizard is moderately wounded.
The orc wizard misses you.
You riposte.
You closely miss the orc wizard.
The orc wizard is lightly wounded.
You hit the orc wizard but do no damage.
The orc wizard is lightly wounded.
The orc wizard gestures at you while chanting.
The magic dart hits you!
The orc wizard gestures at you while chanting.
The puff of frost hits you!
You feel a terrible chill!
* * * LOW HITPOINT WARNING * * *
You closely miss the orc wizard.
The orc wizard is lightly wounded.
The orc wizard completely misses you. The orc closely misses you.
You riposte.
You hit the orc.
The orc is almost dead.
The orc wizard casts a spell at you. The puff of flame misses you.
You hit the orc but do no damage.
The orc is almost dead.
You block the orc wizard's attack. The orc closely misses you.
You riposte.
You slash the orc!
You kill the orc!
Okawaru accepts your kill.
The orc wizard points at you and mumbles some strange words.
The puff of flame hits you! You resist.
* * * LOW HITPOINT WARNING * * *
You hit the orc wizard. You drain the orc wizard!
The orc wizard is heavily wounded.
The orc wizard closely misses you. The orc wizard hits you with a dagger.
* * * LOW HITPOINT WARNING * * *
You slash the orc wizard!
You kill the orc wizard!
Okawaru accepts your kill.
The orc wizard gestures at you while chanting.
The magic dart hits you!
* * * LOW HITPOINT WARNING * * *
You are too injured to fight recklessly!
You are too injured to fight recklessly!
You are too injured to fight recklessly!
You are too injured to fight recklessly!
You hit the orc wizard but do no damage.
You drain the orc wizard!
The orc wizard is moderately wounded.
The orc wizard completely misses you.
You hit the orc wizard. You drain the orc wizard!
The orc wizard is severely wounded.
The orc wizard closely misses you.
You closely miss the orc wizard.
The orc wizard is severely wounded.
The orc wizard gestures at you while chanting.
The magic dart hits you!
You die...

.......#...# #.....##..#.....#
###.##.########.....###.####..#
....#......##.#...............#
....######.##........##....#.##
....# #.#..#......).....#.#
....# ###########.#.#...#.#
....### #####.#.....#.# ......#
#.....####..#.# ...#### #@#####
#..#.# ...'..#
#..o)).....##..... ...####
#.....'.#####.##... ##.#
##.#..#.# #... #.#### ......#.#
#....# .....#.# ###### #####
###


You could see an orc wizard.

Vanquished Creatures
  A steam dragon (D:6)
  Menkaure (D:5)
  Purgy (D:3)
  A phantom (D:5)
  A sky beast (D:6)
  2 centaurs
  5 bullfrogs
  2 scorpions (D:6)
  A crimson imp (D:5)
  2 bullfrog zombies (D:6)
  2 howler monkeys
  2 centaur skeletons
  2 hounds
  3 orc wizards
  Terence (D:2)
  2 worker ants
  A hound zombie (D:7)
  2 hound skeletons
  3 gnolls (D:4)
  3 adders
  2 shadow imps (D:6)
  An ooze (D:3)
  An adder zombie (D:6)
  A worm (D:3)
  19 orcs
  A ball python (D:2)
  A bat (D:3)
  3 giant cockroaches
  5 goblins
  4 hobgoblins (D:2)
  16 jackals
  5 kobolds
  5 quokkas
  A ball python skeleton (D:4)
  5 frilled lizards
  A leopard gecko skeleton (D:6)
  7 rats
116 creatures vanquished.

Notes
Turn   | Place    | Note
-------+----------+-------------------------------------------
     0 | D:1      | Amnesiac the Spriggan Fighter began the quest for the Orb.
     0 | D:1      | Reached XP level 1. HP: 11/11 MP: 2/2
   316 | D:1      | Reached XP level 2. HP: 16/16 MP: 3/3
   378 | D:2      | Found a hazy altar of Hepliaklqana.
   402 | D:2      | Noticed Terence
   642 | D:2      | Reached skill level 5 in Dodging
   755 | D:2      | Reached XP level 3. HP: 15/19 MP: 4/4
   833 | D:2      | Killed Terence
   903 | D:2      | Found a sparkling altar of Nemelex Xobeh.
  1164 | D:3      | Reached XP level 4. HP: 21/23 MP: 5/5
  1356 | D:3      | Noticed Purgy
  1582 | D:3      | Killed Purgy
  1582 | D:3      | Reached skill level 6 in Dodging
  1582 | D:3      | Reached XP level 5. HP: 12/27 MP: 6/6
  2046 | D:4      | Found a transporter.
  2046 | D:4      | Noticed a centaur
  2050 | D:4      | Found a transporter.
  2060 | D:4      | Found a shadowy altar of Dithmenos.
  2240 | D:4      | Reached XP level 6. HP: 30/32 MP: 7/7
  2591 | D:4      | Found Noeckudgh's Assorted Antiques.
  2781 | D:4      | Bought a scroll labeled QOCLOSKY XUEKI for 24 gold pieces
  2781 | D:4      | Bought a scroll labeled QOCLOSKY XUEKI for 24 gold pieces
  2781 | D:4      | Bought 2 brown potions for 43 gold pieces
  2781 | D:4      | Bought a fizzy green potion for 21 gold pieces
  2817 | D:4      | Found a hide-covered altar of Uskayaw.
  3175 | D:5      | Entered Level 5 of the Dungeon
  3175 | D:5      | Found a radiant altar of Vehumet.
  3372 | D:5      | Noticed Menkaure
  3560 | D:5      | Killed Menkaure
  3560 | D:5      | Reached skill level 7 in Dodging
  3560 | D:5      | Reached XP level 7. HP: 35/35 MP: 8/8
  3830 | D:5      | Found a shattered altar of Ashenzari.
  3832 | D:5      | Found a glowing golden altar of the Shining One.
  3926 | D:5      | Found an ancient bone altar of Kikubaaqudgha.
  4321 | D:5      | Found a staircase to the Ecumenical Temple.
  4669 | Temple   | Entered the Ecumenical Temple
  4753 | Temple   | Became a worshipper of Warmaster Okawaru
  4816 | D:6      | Reached skill level 5 in Long Blades
  4826 | D:6      | Found a basalt altar of Yredelemnul.
  5012 | D:6      | Got a bloodstained falchion
  5013 | D:6      | Identified the +1 falchion of Eternal Vigilance {venom, rC+ Int+4 Dex+4} (You found it on level 6 of the Dungeon)
  5363 | D:5      | Reached skill level 8 in Dodging
  5394 | D:5      | Reached * piety under Okawaru
  5446 | D:6      | Reached XP level 8. HP: 7/39 MP: 9/9
  5894 | D:6      | Found a shimmering altar of Xom.
  5894 | D:6      | Noticed an angel
  5895 | D:6      | Found a glowing silver altar of Zin.
  6446 | D:6      | Reached skill level 9 in Dodging
  6787 | D:7      | Killed from afar by an orc wizard

Vault maps used:
D:1:      lemuel_arrival_rhombus
D:2:      nemelex_altar_shiori, lemuel_crystal_altar, uniq_terence
D:3:      minivault_27, minmay_misc_feat_ornament, uniq_purgy
D:4:      eat_drink_and_be_merry_uskayaw, gammafunk_temple_overflow_arena,
          serial_shops, nicolae_shop_waterfront
D:5:      old_standard_altar, minitemple, temple_statues, first_ration,
          basic_altar, kennysheep_pointless_box, uniq_menkaure
D:6:      grunt_temple_overflow_order_and_chaos_1, yredelemnul_altar_generic,
          minmay_checkerbox
D:7:      kennysheep_generic_room_4
Temple:   hc_temple_tempest_star

Skill      XL: |  1  2  3  4  5  6  7  8 |
---------------+-------------------------+-----
Long Blades    | 2 3 4 5 7 |  7.1
Dodging        | 5 6 7 8 9 |  9.4
Shields        | 3 4 |  4.4
Fighting       | |  2.4

Action                   |  1- 3 |  4- 6 |  7- 9 || total
-------------------------+-------+-------+-------++-------
Melee: Long sword        |    75 |     6 |    48 ||   129
       Falchion          |    10 |   133 |   193 ||   336
  Use: Scroll            |     7 |     5 |       ||    12
       Potion            |     1 |     1 |       ||     2
 Stab: Sleeping          |       |     1 |       ||     1
  Eat: Ration            |       |     1 |     1 ||     2
Armor: Robe              |     2 |    11 |     8 ||    21
       Skin              |     6 |     2 |       ||     8
Dodge: Dodged            |    65 |    91 |   169 ||   325
Block: Buckler           |    27 |    35 |    68 ||   130
       Rpst.: Long sword |    15 |       |    10 ||    25
       Falchion          |     5 |    25 |    43 ||    73

Table legend:
 A = Spawn XP
 B = Non-spawn XP
 C = Spawn XP percentage of total XP
 D = Spawn monster count
 E = Non-spawn monster count
 F = Spawn count percentage of total count
 G = Total turns spent on level
                    A         B        C        D         E        F      G
               +---------+---------+-------+---------+---------+-------+---------
         Total |       0 |    2504 |   0.0 |       0 |     116 |   0.0 |  6787
               +---------+---------+-------+---------+---------+-------+---------
           D:1 |       0 |      12 |   0.0 |       0 |       7 |   0.0 |   453
           D:2 |       0 |      74 |   0.0 |       0 |      24 |   0.0 |   787
           D:3 |       0 |     220 |   0.0 |       0 |      19 |   0.0 |   830
           D:4 |       0 |     205 |   0.0 |       0 |      16 |   0.0 |  1218
           D:5 |       0 |     463 |   0.0 |       0 |       9 |   0.0 |  1890
           D:6 |       0 |    1186 |   0.0 |       0 |      33 |   0.0 |  1208
           D:7 |       0 |     344 |   0.0 |       0 |       8 |   0.0 |   300
               +---------+---------+-------+---------+---------+-------+---------
